 Dungeon Crawl Stone Soup version 0.30-a0-469-g84de5afbc5 (webtiles) character file.

Game seed: 5530172082688582807

10 greasedhog the Shield-Bearer (level 2, 29/29 HPs)
             Began as a Gnoll Fighter on Dec 19, 2022.
             Quit the game on level 1 of the Dungeon.
             The game lasted 00:00:20 (186 turns).

greasedhog the Shield-Bearer (Gnoll Fighter)         Turns: 186, Time: 00:00:20

Health: 29/29      AC:  7    Str: 15    XL:     2   Next: 20%
Magic:  2/2        EV:  9    Int:  7    God:
Gold:   22         SH:  5    Dex: 11    Spells: 1/1 levels left

rFire   . . .      SeeInvis .    a - +0 flail
rCold   . . .      Faith    .    c - +0 buckler
rNeg    . . .      Spirit   .    b - +0 scale mail
rPois   .          Reflect  .    (no helmet)
rElec   .          Harm     .    (no cloak)
rCorr   +          Rampage  .    (no gloves)
Will    .....                    (no boots)
Stlth   ..........               (no amulet)
HPRegen 0.24/turn                f - ring of resist corrosion
MPRegen 0.08/turn                (no ring)

@: no status effects
A: fangs 1, strong nose, distributed training
a: no special abilities


You were on level 1 of the Dungeon.
You visited 1 branch of the dungeon, and saw 1 of its levels.

You collected 22 gold pieces.

Inventory:

Hand Weapons
 a - a +0 flail (weapon)
Armour
 b - a +0 scale mail (worn)
 c - a +0 buckler (worn)
Jewellery
 f - a ring of resist corrosion (left hand)
Scrolls
 e - a scroll of identify {unknown}
 g - a scroll of amnesia {unknown}
Potions
 d - a potion of might


   Skills:
 + Level 6.4 Fighting
 + Level 0.3 Short Blades
 + Level 0.3 Long Blades
 + Level 0.3 Axes
 + Level 4.4 Maces & Flails
 + Level 0.3 Polearms
 + Level 0.3 Staves
 + Level 0.3 Ranged Weapons
 + Level 0.3 Throwing
 + Level 6.4 Armour
 + Level 0.3 Dodging
 + Level 0.3 Stealth
 + Level 6.4 Shields
 + Level 0.3 Unarmed Combat
 + Level 0.3 Spellcasting
 + Level 0.2 Conjurations
 + Level 0.2 Hexes
 + Level 0.2 Summonings
 + Level 0.2 Necromancy
 + Level 0.2 Translocations
 + Level 0.2 Transmutations
 + Level 0.2 Fire Magic
 + Level 0.2 Ice Magic
 + Level 0.2 Air Magic
 + Level 0.2 Earth Magic
 + Level 0.2 Poison Magic
 + Level 0.4 Invocations
 + Level 0.3 Evocations


You had one spell level left.
You didn't know any spells.
Your spell library was empty.

Dungeon Overview and Level Annotations

Branches:
Dungeon (1/15)

Altars:


Innate Abilities, Weirdness & Mutations

You have very sharp teeth.
Your uncanny sense of smell can sniff out nearby items.
Your experience applies equally to all skills.


Message History

No target in view!
No target in view!
No target in view!
No target in view!
No target in view!
No target in view!
There is a stone staircase leading down here.
You open the door.
There is an open door here.
A kobold comes into view. It is wielding a +0 dagger.
Found 2 smoky inky potions.
The kobold shouts!
A kobold is nearby!
A kobold is nearby!
No reachable target in view!
No reachable target in view!
No reachable target in view!
No reachable target in view!
No reachable target in view!
No reachable target in view!
Found a faded altar of an unknown god.
The kobold hits you but does no damage.
You barely miss the kobold. You block the kobold's attack.
You sock the kobold!
You kill the kobold!
No target in view!
No target in view!
No target in view!
No target in view!
No target in view!
No target in view!
No target in view!
No target in view!
No target in view!
No target in view!
No target in view!
No target in view!
There is a faded altar of an unknown god here.
You see here a +0 dagger.
Are you sure you want to abandon this character and quit the game? (Confirm with "yes".)

###########
..........#
#.#..P.#.#
#....♣P!.#
###P.P@♣..#
#..P._P.P#
#.#..♣♣P.#
#.##.PP.##
###########.###.###
#............##.#
#............##.#
#............##.#
+.........>..'..#


There were no monsters in sight!

Vanquished Creatures
  An endoplasm (D:1)
  A goblin (D:1)
  2 hobgoblins (D:1)
  2 kobolds (D:1)
  A quokka (D:1)
  2 ball pythons (D:1)
9 creatures vanquished.

Notes
Turn   | Place    | Note
-------+----------+-------------------------------------------
     0 | D:1      | greasedhog the Gnoll Fighter began the quest for the Orb.
     0 | D:1      | Reached XP level 1. HP: 23/23 MP: 1/1
   144 | D:1      | Reached XP level 2. HP: 26/29 MP: 2/2
   180 | D:1      | Found a faded altar of an unknown god.
   186 | D:1      | Quit the game

Illustrated notes

Levels and vault maps discovered:
D:1:      dpeg_arrival_three_bigger_balls, layout_basic,
          ebering_ecumenical_altar_petrified

Action                   || total
-------------------------++-------
Melee: Flail             ||    18
       Bite              ||     1
Armor: Scale mail        ||     7
Dodge: Dodged            ||    11
Block: Buckler           ||     5

Table legend: (Time is in decaauts)
 A = Elapsed time spent in this place.
 B = Non-inter-level travel time spent in this place.
 C = Inter-level travel time spent in this place.
 D = Time resting spent in this place.
 E = Time spent auto-exploring this place.
 F = Levels seen in this place.
 G = Mean time per level.
                   A        B        C        D        E       F      G
               +--------+--------+--------+--------+--------+-----+--------+
         Total |    189 |    189 |      0 |      0 |    138 |   1 |  189.0 |
       Dungeon |    189 |    189 |      0 |      0 |    138 |   1 |  189.0 |
               +--------+--------+--------+--------+--------+-----+--------+

Top non-repeatable levels by time:
     D:1: 189 daAuts
